 Dungeon Crawl Stone Soup version 0.29-a0-275-g389c0b56f3 (webtiles) character file.

Game seed: 15405581031795171549

184 siradein the Shooter (level 5, -18/46 HPs)
             Began as a Minotaur Hunter on Mar 11, 2022.
             Demolished by an ogre
             ... wielding a +0 giant club
              (30 damage)
             ... on level 4 of the Dungeon.
             The game lasted 00:05:05 (3167 turns).

siradein the Shooter (Minotaur Hunter)              Turns: 3167, Time: 00:05:06

Health: -18/46     AC:  3    Str: 16    XL:     5   Next: 36%
Magic:  0/4        EV: 13    Int:  8    God:
Gold:   236        SH:  0    Dex: 19    Spells: 4/4 levels left

rFire   . . .      SeeInvis .   a - +1 shortbow
rCold   . . .      Faith    .   (shield currently unavailable)
rNeg    . . .      Spirit   +   b - +0 leather armour
rPois   .          Reflect  .   (helmet restricted)
rElec   .          Harm     .   (no cloak)
rCorr   .          Rampage  .   (no gloves)
Will    .....                   (no boots)
Stlth   ++........              t - amulet of guardian spirit
HPRegen 0.15/turn               z - +6 ring of dexterity
MPRegen 0.09/turn               (no ring)

@: no status effects
A: horns 2, retaliatory headbutt
a: no special abilities


You were on level 4 of the Dungeon.
You visited 1 branch of the dungeon, and saw 4 of its levels.

You collected 236 gold pieces.

Inventory:

Hand Weapons
 a - a +1 shortbow (weapon)
Armour
 b - a +0 leather armour (worn)
Jewellery
 t - an amulet of guardian spirit (around neck)
 z - a +6 ring of dexterity (left hand)
Wands
 A - a wand of polymorph (12)
Scrolls
 c - a scroll of immolation
 d - 2 scrolls of teleportation
 f - a scroll of fog
 g - a scroll of holy word {unknown}
 h - 2 scrolls of enchant weapon {unknown}
 i - a scroll of fear {unknown}
 k - a scroll of noise {unknown}
 l - a scroll of brand weapon {unknown}
 m - 2 scrolls of enchant armour {unknown}
 n - 2 scrolls of identify
 r - 2 scrolls of magic mapping {unknown}
 s - a scroll of amnesia {unknown}
 v - a scroll of vulnerability {unknown}
 y - a scroll of silence {unknown}
Potions
 e - a potion of resistance {unknown}
 j - a potion of haste {unknown}
 o - 5 potions of heal wounds
 p - 4 potions of curing
 q - 3 potions of mutation {unknown}
 u - a potion of might {unknown}
 w - a potion of magic {unknown}
 x - 3 potions of attraction {unknown}


   Skills:
 + Level 4.0 Fighting
 + Level 5.3 Bows
 + Level 2.6 Armour
 + Level 3.7 Dodging
 - Level 0.7 Stealth


You had 4 spell levels left.
You didn't know any spells.
Your spell library contained the following spells:

 Spells                   Type           Power      Damage    Failure   Level
 Slow                     Hex            0%         N/A       45%         1
 Confusing Touch          Hex            0%         N/A       83%         3
 Vampiric Draining        Necr           0%         2d6       83%         3


Dungeon Overview and Level Annotations

Branches:
Dungeon (4/15)
 Temple: D:4-7

Altars:

Shops:
D:1 [*(   D:2 :

Annotations:
D:2 1 runed translucent door, Crazy Yiuf
D:4 3 runed translucent doors, Cecur's ghost, amateur FoFi


Innate Abilities, Weirdness & Mutations

You have a pair of horns on your head.
You reflexively headbutt those who attack you in melee.


Message History

There is an open door here.
Found a ring mail and a battleaxe.
Cecur's ghost turns its malevolent gaze towards you.
You open the door.
Found a stone staircase leading up.
A dart slug comes into view.
There is an open door here.
You shoot an arrow.
The arrow hits the dart slug but does no damage.
You shoot an arrow. The arrow hits the dart slug!
You kill the dart slug!
No target in view!
No target in view!
No target in view!
There is a stone staircase leading up here.
An adder comes into view.
An adder is nearby!
An adder is nearby!
An adder is nearby!
You shoot an arrow. The arrow hits the adder!
The adder is almost dead.
You shoot an arrow. The arrow hits the adder.
You kill the adder!
An ogre comes into view. It is wielding a +0 giant club.
Your Fighting skill increases to level 4!
You shoot an arrow. The arrow barely misses the ogre.
You shoot an arrow. The arrow hits the ogre.
The ogre is lightly wounded.
The ogre hits you with a +0 giant club!
You shoot an arrow.
The arrow hits the ogre but does no damage.
The ogre is lightly wounded.
You shoot an arrow. The arrow hits the ogre!
The ogre is moderately wounded.
The ogre hits you with a +0 giant club!!
* * * LOW HITPOINT WARNING * * *
The ogre attacks as you move away!
The ogre hits you with a +0 giant club!!
Ouch! That really hurt!
You die...

...# #......... ...#
#......... ...#
#......... ...#
#.........
...########.........
.............#####.
.............#...#
.............'...#######
.###+++###...#<.@O......
.#....ZZZ#...#.....†....
.##....Z##...######.....
.#.......#####...## ....
.##.[)..##........# ...
.#..#.#..#........+ ..
.#########........# .
........#...##...##
........#...##...####


You could see an ogre.

Vanquished Creatures
  Ijyb (D:3)
  5 adders
  An ufetubus (D:4)
  3 worms
  3 dart slugs
  An orc (D:3)
  10 endoplasms
  8 giant cockroaches
  9 goblins
  6 hobgoblins
  4 jackals (D:2)
  7 kobolds
  2 quokkas
  13 ball pythons
  4 bats
  4 frilled lizards
  9 rats
90 creatures vanquished.

Notes
Turn   | Place    | Note
-------+----------+-------------------------------------------
     0 | D:1      | siradein the Minotaur Hunter began the quest for the Orb.
     0 | D:1      | Reached XP level 1. HP: 18/18 MP: 0/0
    89 | D:1      | Found Wuniaps's Assorted Antiques.
   133 | D:1      | You fall into a shaft and drop 1 floor!
   142 | D:2      | Found Hijum's Book Emporium.
   221 | D:1      | Reached XP level 2. HP: 22/25 MP: 1/1
   388 | D:1      | Reached skill level 1 in Armour
   504 | D:1      | Reached XP level 3. HP: 31/31 MP: 2/2
   573 | D:1      | Found a faded altar of an unknown god.
   605 | D:1      | Found Ebua's Antique Armour Shoppe.
   665 | D:1      | Found Jadd's Antique Weapon Boutique.
  1432 | D:2      | Found a runed translucent door.
  1433 | D:2      | Noticed Crazy Yiuf
  1469 | D:2      | Reached XP level 4. HP: 32/38 MP: 3/3
  1865 | D:3      | Reached skill level 5 in Bows
  2552 | D:3      | Noticed Ijyb
  2669 | D:3      | Killed Ijyb
  2670 | D:3      | Reached XP level 5. HP: 44/46 MP: 4/4
  2886 | D:4      | Noticed a wyvern
  3028 | D:4      | Found a runed translucent gate.
  3028 | D:4      | Found a runed translucent gate.
  3028 | D:4      | Found a runed translucent gate.
  3137 | D:4      | Noticed Cecur's ghost (amateur FoFi)
  3162 | D:4      | Noticed an ogre
  3167 | D:4      | Demolished by an ogre

Illustrated notes

Levels and vault maps discovered:
D:1:      dpeg_arrival_yet_another_circle, layout_loops_ring, serial_shops,
          shop, shop_fountains, nicolae_shop_competitors_out_of_business,
          shapermc_ecumenical_altar_acropolis, minmay_vboxes
D:2:      layout_basic, serial_shops, shop, uniq_crazy_yiuf_cottage
D:3:      minmay_chambers_of_threes, layout_loops_ring, minmay_misc_feat_iff,
          hangedman_decor_peaks_small, hangedman_glass_teeth, uniq_ijyb
D:4:      layout_gridville, gammafunk_ghost_necromancy, supply_closet_lemuel,
          lightli_corner_chamber

Skill      XL: |  1  2  3  4  5 |
---------------+----------------+-----
Fighting       | 3 4 |  4.0
Armour         | 1 2 |  2.6
Dodging        | 3 |  3.7
Bows           | 5 |  5.3
Stealth        | |  0.7

Action                   |  1- 3 |  4- 6 || total
-------------------------+-------+-------++-------
Melee: Unarmed           |       |     4 ||     4
 Fire: Shortbow          |   100 |   111 ||   211
  Use: Scroll            |       |     4 ||     4
Armor: Leather armour    |    12 |    11 ||    23
Dodge: Dodged            |    31 |    24 ||    55

Table legend: (Time is in decaauts)
 A = Elapsed time spent in this place.
 B = Non-inter-level travel time spent in this place.
 C = Inter-level travel time spent in this place.
 D = Time resting spent in this place.
 E = Time spent auto-exploring this place.
 F = Levels seen in this place.
 G = Mean time per level.
                   A        B        C        D        E       F      G
               +--------+--------+--------+--------+--------+-----+--------+
         Total |   3208 |   3113 |     95 |      0 |   2631 |   4 |  802.0 |
       Dungeon |   3208 |   3113 |     95 |      0 |   2631 |   4 |  802.0 |
               +--------+--------+--------+--------+--------+-----+--------+

Top non-repeatable levels by time:
     D:3: 1043 daAuts
     D:1: 1000 daAuts
     D:2: 723 daAuts
     D:4: 441 daAuts
